AoeStats
← joelreflects

Enclosed

503832745Analyzed
1v1 RM · 1mo ago on Sep 2, 2026· 47m 33s· 2 players
Game mode
Random Map
Map size
Tiny (2 player)
Population
200
Speed
Normal
Resources
Standard
Victory
Conquest
Starting age
Dark Age
Ending age
Imperial Age
RankedLock teamsTeams togetherTeam positionsShared explorationLock speedFull tech treeHidden civsTurbo modeCheats
Victory
Defeat
🇹🇼 Teutons · Taiwan
954
+15
🇺🇸 Turks · United States
932
-15
joelreflects
8:35 Loom
10:41 Feudal Age
11:15 Double-Bit Axe
16:11 Castle Age
16:00 Scale Barding Armor
20:16 Bow Saw
21:32 Bloodlines
21:54 Forging
23:05 Horse Collar
26:38 Gold Mining
37:00 Wheelbarrow
39:09 Imperial Age
37:21 Thumb Ring
39:35 Heavy Plow
40:14 Gold Shaft Mining
40:44 Ballistics
41:02 Artillery
40:51 Heavy Camel Rider
43:24 Conscription
danicick
0:27 Loom
12:11 Feudal Age
13:36 Wheelbarrow
13:25 Double-Bit Axe
16:19 Bloodlines
16:17 Gold Mining
19:03 Castle Age
17:31 Forging
18:14 Horse Collar
23:37 Fervor
25:07 Man-at-Arms
25:56 Fletching
26:06 Scale Mail Armor
27:51 Sanctity
30:22 Hand Cart
32:55 Stone Mining
35:19 Padded Archer Armor
35:25 Scale Barding Armor
35:35 Chain Mail Armor
35:56 Iron Casting
35:17 Bodkin Arrow
35:43 Redemption
36:04 Squires
35:49 Gambesons
39:45 Imperial Age
37:00 Pikeman
38:48 Atonement
39:22 Arson
40:01 Chain Barding Armor
41:10 Illumination
41:29 Block Printing
44:27 Conscription
46:56 Blast Furnace
46:27 Plate Mail Armor
46:33 Plate Barding Armor
48:06 Chemistry
47:19 Elite Teutonic Knight
48:21 Ironclad
Connection lost

Rejoining the realm…

Still unreachable

The connection could not be restored.

Session expired

The server has moved on; the page needs a fresh start.